 Dungeon Crawl Stone Soup version 0.30-a0-739-gea05faddec (webtiles) character file.

Game seed: 11898701963101070921

3354 flickminster the Ruffian (level 9, -4/85 HPs)
             Began as a Troll Transmuter on Feb 4, 2023.
             Was a Believer of Wu Jian.
             Slain by a freezing wraith (10 damage)
             ... on level 9 of the Dungeon.
             The game lasted 00:52:17 (6137 turns).

flickminster the Ruffian (Troll Transmuter)         Turns: 6137, Time: 00:52:17

Health: -4/85      AC:  9    Str: 28    XL:     9   Next: 73%
Magic:  13/13      EV: 12    Int: 11    God:    Wu Jian [**....]
Gold:   212        SH:  5    Dex: 16    Spells: 12/15 levels left

rFire   . . .      SeeInvis .      - Unarmed
rCold   . . .      Faith    .    (no shield)
rNeg    . . .      Spirit   .    F - +2 robe {Will+}
rPois   .          Reflect  +    (helmet restricted)
rElec   .          Harm     .    q - +2 cloak
rCorr   .          Rampage  .    (gloves unavailable)
Will    +....                    (boots unavailable)
Stlth   +                        d - amulet of reflection
HPRegen 1.14/turn                g - +6 ring of dexterity
MPRegen 0.13/turn                C - +6 ring of strength

@: no status effects
A: large, unfitting armour, claws 3, regeneration 1, shaggy fur 1, tough skin 1
a: Renounce Religion, Wall Jump


You were on level 9 of the Dungeon.
You worshipped Wu Jian.
Wu Jian was pleased with you.
You visited 2 branches of the dungeon, and saw 10 of its levels.

You collected 644 gold pieces.
You spent 432 gold pieces at shops.

Inventory:

Missiles
 o - 10 curare-tipped darts
 G - 6 poisoned darts
 H - a throwing net
Armour
 a - a +1 robe
 q - a +2 cloak (worn)
 F - a +2 robe of willpower (worn)
Jewellery
 d - an amulet of reflection (around neck)
 g - a +6 ring of dexterity (left claw)
 n - a ring of fire
 u - a ring of fire
 v - a ring of willpower
 C - a +6 ring of strength (right claw)
Wands
 r - a wand of flame (11)
 I - a wand of mindburst (21)
Scrolls
 c - a scroll of magic mapping
 h - 5 scrolls of immolation
 p - a scroll of noise
 s - 4 scrolls of fog
 t - 2 scrolls of teleportation
 w - a scroll of fear {unknown}
 y - a scroll of enchant armour
 A - a scroll of poison {unknown}
 B - a scroll of butterflies {unknown}
 E - a scroll of amnesia
Potions
 b - a potion of lignification
 e - a potion of brilliance
 f - 2 potions of heal wounds
 i - a potion of ambrosia
 j - 2 potions of flight
 k - 8 potions of curing
 l - a potion of might
 m - a potion of resistance {unknown}
 x - 2 potions of haste
 z - 2 potions of magic {unknown}
 D - a potion of invisibility {unknown}


   Skills:
 + Level 4.6 Fighting
 + Level 4.9 Dodging
 + Level 6.7 Unarmed Combat
 + Level 3.7 Spellcasting
 * Level 6.1 Transmutations


You had 12 spell levels left.
You knew the following spells:

 Your Spells              Type           Power      Damage    Failure   Level
a - Beastly Appendage     Tmut           30%        N/A       1%          1
b - Wereblood             Tmut           15%        N/A       3%          2

Your spell library contained the following spells:

 Spells                   Type           Power      Damage    Failure   Level
 Spider Form              Tmut/Pois      8%         N/A       21%         3
 Apportation              Tloc           4%         N/A       24%         1
 Magic Dart               Conj           8%         1d3       24%         1
 Call Imp                 Summ           2%         N/A       36%         2
 Ice Form                 Ice/Tmut       8%         N/A       56%         4
 Dazzling Flash           Conj/Hex       4%         N/A       58%         3
 Mephitic Cloud           Conj/Pois/Air  2%         N/A       58%         3
 Summon Guardian Golem    Hex/Summ       2%         N/A       58%         3
 Alistair's Intoxication  Tmut/Pois      5%         N/A       88%         5
 Agony                    Necr           2%         N/A       100%        5
 Silence                  Hex/Air        1%         N/A       100%        5
 Orb of Destruction       Conj           1%         9d5       100%        7
 Spellforged Servitor     Conj/Summ      1%         N/A       100%        7


Dungeon Overview and Level Annotations

Branches:
Dungeon (9/15)             Temple (1/1) D:4
   Lair: D:8-11         Orc: D:9-12

Altars:
Ashenzari
Cheibriados
Dithmenos
Elyvilon
Gozag
Kikubaaqudgha
Makhleb
Nemelex Xobeh
Qazlal
Ru
Sif Muna
Trog
Uskayaw
Vehumet
Wu Jian
Xom
The Shining One

Shops:
D:6 (=

Annotations:
D:4 Dowan, Duvessa


Innate Abilities, Weirdness & Mutations

You are too large for most types of armour.
You have claws for hands.
Your natural rate of healing is unusually fast.
You are covered in fur. (AC +1)
You have tough skin. (AC +1)


Message History

The freezing wraith hits you. The freezing wraith drains your vigour!
You feel yourself slow down.
The freezing wraith attacks as you move away!
The freezing wraith misses you.
The freezing wraith hits you but does no damage.
The freezing wraith hits you! The freezing wraith freezes you!!
The freezing wraith barely misses you.
There is a stone staircase leading down here.
The freezing wraith completely misses you.
You block the freezing wraith's attack.
You climb downwards.
Reactivating autopickup.
You feel yourself speed up.
Your primal bloodlust has ended.
The troll shouts!
Found a stone staircase leading up.
There is a stone staircase leading up here.
The freezing wraith attacks as you move away!
The freezing wraith hits you! The freezing wraith freezes you!
The freezing wraith hits you but does no damage.
Found a scroll of amnesia.
You spin and attack the freezing wraith.
You scratch the freezing wraith but do no damage.
The freezing wraith hits you. The freezing wraith freezes you!
* * * LOW HITPOINT WARNING * * *
The freezing wraith hits you!
* * * LOW HITPOINT WARNING * * *
You feel much better. The freezing wraith closely misses you.
The freezing wraith barely misses you. The troll bites you!
The troll barely misses you. The troll claws you!
* * * LOW HITPOINT WARNING * * *
Found a scroll of fog.
You spin and attack the troll.
You mangle the troll!!
The troll is heavily wounded.
The troll bites you!
* * * LOW HITPOINT WARNING * * *
The troll claws you!
* * * LOW HITPOINT WARNING * * *
You block the troll's attack.
There is a stone staircase leading up, spattered with blood here.
The freezing wraith hits you!
You die...

........?....
.............#
..............#
..............#
..............#
?.............#
..............#
.........@....#
........WT....#
..............#
..............###
.........<.......
#################


You could see a freezing wraith and a troll.

Vanquished Creatures
  An ice devil (D:8)
  A hornet (D:5)
  A steam dragon (D:8)
  Edmund (D:4)
  The ghost of Nabski the Firebug, an amateur TeFE (D:3)
  An ice beast (D:7)
  A sky beast (D:7)
  3 ogres
  An orc warrior (D:7)
  2 phantoms (D:5)
  2 centaurs
  4 bullfrogs
  3 necrophages
  A gnoll sergeant (D:8)
  2 scorpions
  5 killer bees (D:7)
  An electric eel (D:8)
  4 jellies
  A gnoll bouda (D:8)
  2 orc priests (D:7)
  2 hounds
  3 iguanas
  4 orc wizards (D:7)
  11 adders
  18 gnolls
  A hound simulacrum (D:3)
  2 white imps
  An ufetubus (D:4)
  A worm (D:5)
  2 dart slugs
  An adder simulacrum (D:3)
  13 orcs
  7 ball pythons
  8 endoplasms
  3 giant cockroaches
  11 goblins
  5 hobgoblins
  11 jackals
  10 quokkas
  5 frilled lizards
  5 kobolds
  A quokka simulacrum (D:3)
  4 rats
167 creatures vanquished.

Notes
Turn   | Place    | Note
-------+----------+-------------------------------------------
     0 | D:1      | flickminster the Troll Transmuter began the quest for the
                  | Orb.
     0 | D:1      | Reached XP level 1. HP: 18/18 MP: 1/1
   140 | D:1      | Reached skill level 1 in Fighting
   272 | D:1      | Reached XP level 2. HP: 27/27 MP: 3/3
  1016 | D:2      | Reached XP level 3. HP: 32/33 MP: 2/4
  1058 | D:2      | Found a faded altar of an unknown god.
  1131 | D:2      | Reached XP level 4. HP: 33/41 MP: 3/5
  1703 | D:3      | Found a runed translucent gate.
  1703 | D:3      | Found a runed translucent gate.
  1711 | D:3      | Found a runed translucent gate.
  1854 | D:3      | Reached XP level 5. HP: 49/49 MP: 4/6
  2165 | D:3      | Found a shadowy altar of Dithmenos.
  2363 | D:3      | Found a shimmering blue altar of Sif Muna.
  2513 | D:3      | Noticed Nabski's ghost (amateur TeFE)
  2528 | D:3      | Killed Nabski's ghost
  2612 | D:4      | Reached XP level 6. HP: 57/57 MP: 5/7
  2752 | D:4      | Found a staircase to the Ecumenical Temple.
  2760 | Temple   | Entered the Ecumenical Temple
  2814 | Temple   | Became a worshipper of the Wu Jian Council
  2969 | D:4      | Noticed Edmund
  2982 | D:4      | Killed Edmund
  2983 | D:4      | Reached XP level 7. HP: 66/66 MP: 9/9
  3039 | D:4      | Learned a level 2 spell: Wereblood
  3064 | D:4      | Noticed Dowan
  3069 | D:4      | Noticed Duvessa
  3381 | D:4      | Reached * piety under Wu Jian
  3431 | D:5      | Entered Level 5 of the Dungeon
  3463 | D:5      | Noticed a hornet
  3476 | D:5      | Killed a hornet
  3477 | D:5      | Reached skill level 5 in Unarmed Combat
  3522 | D:5      | Found a snail-covered altar of Cheibriados.
  3575 | D:5      | Reached XP level 8. HP: 63/75 MP: 10/10
  4250 | D:6      | Found Kifucoll's Jewellery Emporium.
  4391 | D:6      | Found a stormy altar of Qazlal.
  4433 | D:6      | Found Gegidum's Weapon Shoppe.
  4609 | D:6      | Bought a +6 ring of strength for 432 gold pieces
  4710 | D:7      | Identified the +1 scale mail of the Lumpy Tales {rN++ Int-2
                  | Dex+4}
  4743 | D:7      | Reached skill level 5 in Transmutations
  4855 | D:7      | Reached XP level 9. HP: 78/84 MP: 12/12
  4952 | D:7      | Reached ** piety under Wu Jian
  4954 | D:7      | Found a flagged portal.
  5966 | D:8      | Found a white marble altar of Elyvilon.
  5968 | D:8      | Found a hide-covered altar of Uskayaw.
  5969 | D:8      | Found a sparkling altar of Nemelex Xobeh.
  5969 | D:8      | Found an ancient bone altar of Kikubaaqudgha.
  6023 | D:8      | Noticed an ice devil
  6038 | D:8      | Killed an ice devil
  6084 | D:8      | Noticed an ice devil
  6084 | D:8      | Noticed a freezing wraith
  6084 | D:8      | Noticed a freezing wraith
  6084 | D:8      | Found the +8 frozen axe "Frostbite" {freeze, freezing
                  | cloud, *Noise Fly rC+}
  6131 | D:9      | Noticed a troll
  6137 | D:9      | Slain by a freezing wraith

Illustrated notes

Levels and vault maps discovered:
D:1:      dpeg_arrival_three_same_balls, layout_basic
D:2:      minmay_spotlight, layout_basic, hellmonk_ecumenical_altar_lost_god
D:3:      layout_loops_ring, nicolae_dithmenos_through_a_glass_darkly,
          lemuel_blue_sif_altar, gammafunk_ghost_icy, st_stairs_3
D:4:      layout_rooms, minmay_temple_entry_tees, nzn_random_ring, uniq_duvessa,
          uniq_edmund
D:5:      layout_loops_ring, slow_altar_2
D:6:      layout_basic, mainiacjoe_overflow_small_starburst, serial_shops, shop,
          nicolae_inconvenience_store, minmay_misc_feat_rugged
D:7:      layout_loops_ring, enter_bailey_5
D:8:      layout_loops_ring, grunt_temple_overflow_open,
          mainiacjoe_overflow_divided_tiny, nicolae_lava_and_water,
          hellmonk_guarded_unrand_frostbite
D:9:      layout_long_grid, old_standard_altar, fedhas_ov_isle_minmay,
          orc_0_dummy
Temple:   kb_temple_of_zot

Skill      XL: |  1  2  3  4  5  6  7  8  9 |
---------------+----------------------------+-----
Fighting       | 1 2 3 4 |  4.6
Dodging        | 2 3 4 |  4.9
Unarmed Combat | 4 5 6 |  6.7
Transmutations | 2 3 4 5 6 |  6.1
Spellcasting   | 2 3 |  3.7

Action                     |  1- 3 |  4- 6 |  7- 9 || total
---------------------------+-------+-------+-------++-------
  Melee: Unarmed           |    57 |   157 |   246 ||   460
         Kick              |     4 |    15 |    54 ||    73
         Headbutt          |     1 |    12 |    15 ||    28
         Punch             |       |     3 |    14 ||    17
   Cast: Beastly Appendage |     4 |    14 |    23 ||    41
         Wereblood         |       |       |     6 ||     6
Ability: Lunge             |       |       |    20 ||    20
         Whirlwind         |       |       |    13 ||    13
         Wall Jump         |       |       |     8 ||     8
    Use: Scroll            |     3 |     1 |     7 ||    11
         Potion            |       |     2 |     6 ||     8
   Stab: Sleeping          |       |     2 |     3 ||     5
         Distracted        |       |       |     1 ||     1
 Armour: Robe              |    15 |    50 |    71 ||   136
  Dodge: Dodged            |    14 |    70 |   110 ||   194
  Block: Other             |       |    28 |    46 ||    74
         Reflection        |       |     4 |     2 ||     6

Table legend: (Time is in decaauts)
 A = Elapsed time spent in this place.
 B = Non-inter-level travel time spent in this place.
 C = Inter-level travel time spent in this place.
 D = Time resting spent in this place.
 E = Time spent auto-exploring this place.
 F = Levels seen in this place.
 G = Mean time per level.
                   A        B        C        D        E       F      G
               +--------+--------+--------+--------+--------+-----+--------+
         Total |   6117 |   5834 |    283 |     88 |   4141 |  10 |  611.7 |
       Dungeon |   6028 |   5745 |    283 |     88 |   4141 |   9 |  669.8 |
        Temple |     88 |     88 |      0 |      0 |      0 |   1 |   88.0 |
               +--------+--------+--------+--------+--------+-----+--------+

Top non-repeatable levels by time:
     D:1: 964 daAuts
     D:3: 869 daAuts
     D:7: 852 daAuts
     D:4: 758 daAuts
     D:2: 730 daAuts
     D:5: 675 daAuts
     D:8: 621 daAuts
     D:6: 550 daAuts
  Temple: 88 daAuts
     D:9: 6 daAuts
